 Dungeon Crawl Stone Soup version 0.23.2-40-g277498a001 (webtiles) character file.

Game seed: 2407156915413814685

3572 Curus the Martial Artist (level 9, 0/61 HPs)
             Began as a Demonspawn Gladiator on Oct 3, 2019.
             Was a Priest of Okawaru.
             Succumbed to a hornet's poison
             ... on level 7 of the Dungeon.
             The game lasted 00:34:08 (5791 turns).

Curus the Martial Artist (Demonspawn Gladiator)     Turns: 5791, Time: 00:34:08

Health: 0/61       AC: 14    Str: 15    XL:     9   Next: 84%
Magic:  10/18      EV:  7    Int: 10    God:    Okawaru [***...]
Gold:   393        SH:  0    Dex: 17    Spells: 8/8 levels left

rFire    . . .     SeeInvis .     - Unarmed
rCold    . . .     Gourm    .   (no shield)
rNeg     . . .     Faith    .   j - +1 chain mail
rPois    .         Spirit   +   c - +1 helmet
rElec    .         Reflect  .   l - +2 cloak
rCorr    .         Harm     .   (no gloves)
MR       +....                  (boots unavailable)
Stlth    ..........             (no amulet)
HPRegen  0.20/turn              e - ring of magical power
MPRegen  0.32/turn              q - ring of protection from magic

@: lethally poisoned (0 -> -15)
A: claws 1, hooves 3, magic shield, magic regeneration
a: Heroism, Renounce Religion


You were on level 7 of the Dungeon.
You worshipped Okawaru.
Okawaru was most pleased with you.
You were not hungry.

You visited 2 branches of the dungeon, and saw 8 of its levels.

You collected 393 gold pieces.

Inventory:

Hand Weapons
 a - a +1 quarterstaff
Missiles
 d - 2 throwing nets (quivered)
Armour
 b - a +0 leather armour
 c - a +1 helmet (worn)
 j - a +1 chain mail (worn)
 l - a +2 cloak (worn)
Jewellery
 e - a ring of magical power (left claw)
 q - a ring of protection from magic (right claw)
Wands
 m - a wand of random effects (15)
 t - a wand of paralysis (9)
Scrolls
 g - 6 scrolls of teleportation
 h - 5 scrolls of identify
 k - 5 scrolls of remove curse
 n - 2 scrolls of enchant weapon
 o - a scroll of fog
 r - 2 scrolls of amnesia
Potions
 p - a potion of resistance
Comestibles
 f - 6 rations


   Skills:
 - Level 2.0 Fighting
 - Level 3.2 Staves
 - Level 1.7 Throwing
 - Level 2.6 Dodging
 + Level 14.8 Unarmed Combat


You had 8 spell levels left.
You didn't know any spells.
Your spell library was empty.

Dungeon Overview and Level Annotations

Branches:
Dungeon (7/15)             Temple (1/1) D:4

Altars:
Ashenzari
Fedhas
Gozag
Hepliaklqana
Kikubaaqudgha
Okawaru
Ru
Trog
Wu Jian
Yredelemnul

Shops:
D:6 [

Annotations:
D:3 1 runed translucent door, Alannah's ghost, amateur DsHu


Innate Abilities, Weirdness & Mutations

You have sharp fingernails.
You have hooves in place of feet.
When hurt, damage is shared between your health and your magic reserves.
You regenerate magic rapidly.


Message History

* * * LOW HITPOINT WARNING * * *
You feel sick. The hornet barely misses you. The hornet stings you.
* * * LOW HITPOINT WARNING * * *
You feel as though you will be slow longer.
You claw the hornet!
You kill the hornet!
Okawaru accepts your kill.
* * * LOW HITPOINT WARNING * * *
You feel sick.
The leopard gecko zombie bites you but does no damage.
You claw the leopard gecko zombie!
You destroy the leopard gecko zombie!
* * * LOW HITPOINT WARNING * * *
You feel sick.
* * * LOW HITPOINT WARNING * * *
You feel very sick.
Things that are here:
a hornet corpse; a bullfrog corpse You feel yourself speed up.
You die...

##.##.#.########o.
#.....>...........#
#.##############.##
#.# #.# #.# #.# #.#
#[# #.#### #.†..#
###@$# #..# #..#
#..# #..# #..# #..#
#<..


There were no monsters in sight!

Vanquished Creatures
  A troll (D:5)
  A hornet (D:7)
  Sigmund (D:5)
  Eustachio (D:6)
  Edmund (D:5)
  A water moccasin (D:7)
  An orc warrior (D:6)
  An ice beast (D:7)
  A sky beast (D:7)
  A necrophage (D:7)
  2 phantoms
  2 ogres (D:5)
  3 centaurs
  Blork the orc (D:5)
  3 bullfrogs
  2 scorpions
  5 wights (D:6)
  A howler monkey (D:5)
  3 crimson imps
  2 hounds
  3 orc priests
  Crazy Yiuf (D:4)
  7 orc wizards
  Jessica (D:2)
  2 iguanas
  Ijyb (D:3)
  Natasha (thrice) (D:4)
  5 worker ants
  Robin (D:2)
  7 gnolls
  15 adders
  An adder zombie (D:7)
  2 dart slugs
  6 leopard geckos
  22 orcs
  3 giant cockroaches
  15 goblins
  5 hobgoblins
  8 jackals
  6 kobolds
  3 quokkas (D:3)
  2 ball pythons
  6 bats
  3 frilled lizards
  A giant cockroach zombie (D:6)
  A jackal skeleton (D:6)
  2 leopard gecko zombies
  10 rats
176 creatures vanquished.

Notes
Turn   | Place    | Note
-------+----------+-------------------------------------------
     0 | D:1      | Curus the Demonspawn Gladiator began the quest for the Orb.
     0 | D:1      | Reached XP level 1. HP: 16/16 MP: 1/1
   190 | D:1      | Gained mutation: You have large cloven feet. [demonic
                  | ancestry]
   190 | D:1      | Reached XP level 2. HP: 22/22 MP: 2/2
   251 | D:1      | Reached skill level 1 in Unarmed Combat
   788 | D:1      | Gained mutation: You have hoof-like feet. [demonic
                  | ancestry]
   788 | D:1      | Reached XP level 3. HP: 27/27 MP: 3/3
  1002 | D:2      | Reached skill level 2 in Unarmed Combat
  1299 | D:2      | Reached XP level 4. HP: 29/33 MP: 4/4
  1367 | D:2      | Reached skill level 3 in Unarmed Combat
  1369 | D:2      | Noticed Jessica
  1382 | D:2      | Killed Jessica
  1486 | D:2      | Found an ornate altar of the Wu Jian Council.
  1551 | D:2      | Noticed Robin
  1575 | D:2      | Killed Robin
  1600 | D:2      | Found an opulent altar of Gozag.
  1736 | D:3      | Gained mutation: When hurt, damage is shared between your
                  | health and your magic reserves. [demonic ancestry]
  1736 | D:3      | Reached XP level 5. HP: 38/38 MP: 5/5
  1910 | D:3      | Reached skill level 4 in Unarmed Combat
  2214 | D:3      | Noticed Ijyb
  2594 | D:3      | Killed Ijyb
  2888 | D:3      | Found a runed translucent door.
  2888 | D:3      | Noticed Alannah's ghost (amateur DsHu)
  3010 | D:4      | Noticed a centaur
  3013 | D:4      | Noticed a centaur
  3014 | D:4      | Noticed Natasha
  3015 | D:4      | Reached skill level 5 in Unarmed Combat
  3032 | D:3      | Killed a centaur
  3032 | D:3      | Reached XP level 6. HP: 2/44 MP: 2/6
  3310 | D:4      | Found a staircase to the Ecumenical Temple.
  3348 | Temple   | Entered the Ecumenical Temple
  3368 | Temple   | Became a worshipper of Warmaster Okawaru
  3426 | D:4      | Reached skill level 6 in Unarmed Combat
  3444 | D:3      | Gained mutation: You have sharp fingernails. [demonic
                  | ancestry]
  3444 | D:3      | Reached XP level 7. HP: 29/50 MP: 7/7
  3638 | D:4      | Reached * piety under Okawaru
  3647 | D:4      | Reached skill level 7 in Unarmed Combat
  3663 | D:4      | Found a runed translucent door.
  3664 | D:4      | Noticed Crazy Yiuf
  3830 | D:4      | Killed Natasha
  3976 | D:4      | Noticed Natasha
  3980 | D:4      | Killed Natasha
  4007 | D:4      | Killed Crazy Yiuf
  4007 | D:4      | Reached skill level 8 in Unarmed Combat
  4040 | D:5      | Entered Level 5 of the Dungeon
  4061 | D:5      | Reached skill level 9 in Unarmed Combat
  4061 | D:5      | Gained mutation: You regenerate magic rapidly. [demonic
                  | ancestry]
  4061 | D:5      | Reached XP level 8. HP: 54/56 MP: 8/8
  4083 | D:5      | Noticed Sigmund
  4123 | D:5      | Killed Sigmund
  4123 | D:5      | Reached ** piety under Okawaru
  4165 | D:5      | Reached skill level 10 in Unarmed Combat
  4200 | D:5      | Noticed Blork the orc
  4214 | D:5      | Killed Blork the orc
  4227 | D:5      | Found a bloodstained altar of Trog.
  4290 | D:5      | Noticed a troll
  4308 | D:5      | Killed a troll
  4308 | D:5      | Reached skill level 11 in Unarmed Combat
  4447 | D:5      | Noticed Edmund
  4461 | D:5      | Killed Edmund
  4461 | D:5      | Reached skill level 12 in Unarmed Combat
  4543 | D:4      | Noticed Natasha
  4551 | D:4      | Killed Natasha
  4630 | D:5      | Found an ancient bone altar of Kikubaaqudgha.
  4632 | D:5      | Found a blossoming altar of Fedhas.
  4734 | D:6      | Reached *** piety under Okawaru
  4734 | D:6      | Gained mutation: You have hooves in place of feet. [demonic
                  | ancestry]
  4734 | D:6      | Reached XP level 9. HP: 40/61 MP: 9/9
  4813 | D:6      | Found a shattered altar of Ashenzari.
  4890 | D:6      | Reached skill level 13 in Unarmed Combat
  4951 | D:6      | Noticed Eustachio
  4991 | D:6      | Killed Eustachio
  5168 | D:6      | Received a gift from Okawaru
  5187 | D:6      | Found Guzyrr's Antique Armour Shoppe.
  5240 | D:6      | Reached skill level 14 in Unarmed Combat
  5780 | D:7      | Paralysed by a hornet for 3 turns
  5790 | D:7      | HP: 2/61 [poisoned by a hornet]
  5791 | D:7      | Succumbed to a hornet's poison

Skill      XL: |  1  2  3  4  5  6  7  8  9 |
---------------+----------------------------+-----
Staves         | 3 |  3.2
Unarmed Combat | 1 2 3 5 6 9 12 14 | 14.8
Fighting       | |  2.0
Throwing       | |  1.7
Dodging        | |  2.6

Action                   |  1- 3 |  4- 6 |  7- 9 || total
-------------------------+-------+-------+-------++-------
Melee: Quarterstaff      |    75 |   154 |       ||   229
       Kick              |    14 |    43 |   110 ||   167
       Unarmed           |       |    37 |   352 ||   389
       Punch             |       |       |    12 ||    12
Throw: Throwing net      |       |     2 |     1 ||     3
  Use: Potion            |     2 |     4 |       ||     6
       Scroll            |     2 |     6 |     3 ||    11
 Stab: Sleeping          |       |     2 |       ||     2
  Eat: Chunk             |     1 |     5 |     7 ||    13
       Ration            |       |     1 |       ||     1
Armor: Leather armour    |    28 |    16 |       ||    44
       Chain mail        |       |   103 |   186 ||   289
Dodge: Dodged            |    55 |   121 |   110 ||   286
